 Dungeon Crawl Stone Soup version 0.28.0-53-g5a82cb258f (webtiles) character file.

Game seed: 13404994144085735098

280 Sin92 the Skirmisher (level 6, -1/48 HPs)
             Began as a Demonspawn Fighter on June 3, 2022.
             Killed from afar by an orc wizard (5 damage)
             ... with a magic dart
             ... on level 5 of the Dungeon.
             The game lasted 00:04:08 (2745 turns).

Sin92 the Skirmisher (Demonspawn Fighter)           Turns: 2745, Time: 00:04:09

Health: -1/48      AC:  8    Str: 16    XL:     6   Next: 5%
Magic:  6/6        EV: 14    Int: 10    God:
Gold:   113        SH:  6    Dex: 20    Spells: 5/5 levels left

rFire   . . .      SeeInvis .   a - +0 long sword
rCold   . . .      Faith    .   c - +0 buckler
rNeg    . . .      Spirit   .   b - +0 scale mail
rPois   .          Reflect  .   (no helmet)
rElec   .          Harm     .   (no cloak)
rCorr   .          Rampage  .   (no gloves)
Will    .....                   e - +0 pair of boots
Stlth   ..........              (no amulet)
HPRegen 0.16/turn               h - +6 ring of dexterity
MPRegen 0.10/turn               l - +4 ring of evasion

@: no status effects
A: claws 1, ignite blood 1
a: no special abilities


You were on level 5 of the Dungeon.
You visited 1 branch of the dungeon, and saw 5 of its levels.

You collected 113 gold pieces.

Inventory:

Hand Weapons
 a - a +0 long sword (weapon)
Armour
 b - a +0 scale mail (worn)
 c - a +0 buckler (worn)
 e - a +0 pair of boots (worn)
Jewellery
 g - a ring of ice
 h - a +6 ring of dexterity (left claw)
 l - a +4 ring of evasion (right claw)
Scrolls
 j - a scroll of blinking {unknown}
 k - a scroll of noise {unknown}
 m - a scroll of magic mapping {unknown}
Potions
 d - a potion of might
 f - a potion of haste {unknown}
 i - a potion of curing {unknown}
 n - a potion of flight {unknown}


   Skills:
 + Level 3.8 Fighting
 * Level 3.6 Long Blades
 + Level 3.4 Armour
 + Level 2.0 Dodging
 + Level 3.5 Shields


You had 5 spell levels left.
You didn't know any spells.
Your spell library was empty.

Dungeon Overview and Level Annotations

Branches:
Dungeon (4/15)
 Temple: D:4-7

Altars:


Innate Abilities, Weirdness & Mutations

You have sharp fingernails.
Your demonic aura sometimes causes spilled blood to erupt in flames.


Message History

The orc priest invokes the aid of Beogh against you.
Beogh smites you! The orc closely misses you. The adder misses you.
You block the orc's attack.
You hit the orc.
The orc is severely wounded.
You block the orc priest's attack. The adder bites you but does no damage.
The orc hits you but does no damage. x2
The orc priest hits you from afar with a +0 trident.
* * * LOW HITPOINT WARNING * * *
The adder closely misses you.
You slash the orc!
You kill the orc!
The orc barely misses you. The adder closely misses you.
The orc priest misses you.
Unknown command.
You block the orc's attack. The orc priest barely misses you.
Things that are here:
a +0 hand axe; an orc corpse You hit the orc priest.
The orc priest is lightly wounded.
You block the adder's attack. The orc hits you with a +0 short sword.
* * * LOW HITPOINT WARNING * * *
Something hits you but does no damage.
The orc priest hits you with a +0 trident.
* * * LOW HITPOINT WARNING * * *
The adder bites you but does no damage.
You hit the orc priest but do no damage.
The orc priest is lightly wounded.
The orc misses you.
You hear some strange, mumbled words.
A magic dart appears from out of thin air!
The magic dart hits you.
* * * LOW HITPOINT WARNING * * *
You block the adder's attack.
The orc priest hits you but does no damage.
You block the adder's attack.
You hear some strange, mumbled words.
A magic dart appears from out of thin air!
The magic dart hits you.
You die...

.........#
.........#
.........#
.........#######
.........#.....#
.........#.....#
.........oo....#
.........#S....#
......o..#@o...#
........o{o....#
........oY######
.#......o.#
.........#
.........#
....(.. .......


You could see a sky beast, an orc priest, an adder and 6 orcs.

Vanquished Creatures
  Sigmund (D:2)
  An orc wizard (D:5)
  2 adders
  3 dart slugs
  6 orcs
  9 ball pythons
  3 endoplasms
  7 giant cockroaches
  5 hobgoblins
  8 quokkas
  12 bats
  3 goblins
  6 kobolds
  6 rats
72 creatures vanquished.

Notes
Turn   | Place    | Note
-------+----------+-------------------------------------------
     0 | D:1      | Sin92 the Demonspawn Fighter began the quest for the Orb.
     0 | D:1      | Reached XP level 1. HP: 18/18 MP: 1/1
   110 | D:1      | Gained mutation: Your demonic aura sometimes causes spilled
                  | blood to erupt in flames. [demonic ancestry]
   110 | D:1      | Reached XP level 2. HP: 24/24 MP: 2/2
   666 | D:1      | Reached XP level 3. HP: 28/29 MP: 3/3
   922 | D:2      | Found a faded altar of an unknown god.
  1057 | D:2      | Reached skill level 1 in Dodging
  1337 | D:2      | Noticed Sigmund
  1381 | D:2      | Killed Sigmund
  1382 | D:2      | Gained mutation: You have sharp fingernails. [demonic
                  | ancestry]
  1382 | D:2      | Reached XP level 4. HP: 22/37 MP: 4/4
  1382 | D:2      | Reached XP level 5. HP: 26/42 MP: 5/5
  2723 | D:4      | You fall into a shaft and drop 1 floor!
  2723 | D:5      | Entered Level 5 of the Dungeon
  2724 | D:5      | Noticed a sky beast
  2737 | D:5      | Reached XP level 6. HP: 26/48 MP: 6/6
  2745 | D:5      | Killed from afar by an orc wizard

Illustrated notes

Levels and vault maps discovered:
D:1:      nicolae_arrival_somewhat_less_tricky_arrival, layout_loops_ring
D:2:      layout_basic, hellmonk_ecumenical_altar_heavens_door, uniq_sigmund
D:3:      layout_loops_ring, nicolae_concentric_dashed_squares_wild
D:4:      cheibrodos_barr_body, layout_basic, gammafunk_ghost_abyssal_escape
D:5:      layout_rooms, minmay_temple_entry_mist

Skill      XL: |  1  2  3  4  5 |
---------------+----------------+-----
Long Blades    | 2 3 |  3.6
Dodging        | 1 2 |  2.0
Armour         | 3 |  3.4
Shields        | 3 |  3.5
Fighting       | |  3.8

Action                   |  1- 3 |  4- 6 || total
-------------------------+-------+-------++-------
Melee: Long sword        |   115 |    85 ||   200
  Use: Scroll            |     1 |     2 ||     3
Armor: Scale mail        |    73 |    39 ||   112
Dodge: Dodged            |    66 |    57 ||   123
Block: Buckler           |    27 |    34 ||    61
